 Dungeon Sprint DCSS version 0.30-a0-956-gcec3b41aec (webtiles) character file.

Game seed: 10826526997123345073

0 Parcival the Shield-Bearer (level 1, -1/28 HPs)
             Began as a Minotaur Fighter on Mar 29, 2023.
             Slain by a quasit (2 damage)
             ... summoned by a kobold demonologist
             ... in the Dungeon (Sprint VII: "The Pits").
             The game lasted 00:00:11 (17 turns).

Parcival the Shield-Bearer (Minotaur Fighter)         Turns: 17, Time: 00:00:12

Health: -1/28      AC:  6    Str: 20    XL:     1   Next: 0%
Magic:  0/0        EV:  9    Int:  5    God:
Gold:   0          SH:  4    Dex:  9    Spells: 0/0 levels left

rFire   . . .      SeeInvis .    a - +0 war axe
rCold   . . .      Faith    .    c - +0 buckler
rNeg    . . .      Spirit   .    b - +0 scale mail
rPois   .          Reflect  .    (helmet restricted)
rElec   .          Rampage  .    (no cloak)
rCorr   .          NoTele   +    (no gloves)
Will    .....                    (no boots) Stlth
                                 (no amulet)
HPRegen 0.24/turn                (no ring)
MPRegen 0.07/turn                (no ring)

@: berserking (expiring), very quick
A: horns 2, retaliatory headbutt
a: no special abilities


You were in the Dungeon.
You visited 1 branch

Inventory:

Hand Weapons
 a - a +0 war axe (weapon)
Armour
 b - a +0 scale mail (worn)
 c - a +0 buckler (worn)
Scrolls
 j - a scroll of blinking
Potions
 d - a potion of might
 e - a potion of curing
 f - a potion of heal wounds
 g - a potion of haste
 h - 2 potions of magic


   Skills:
 + Level 3.6 Fighting
 + Level 2.4 Axes
 + Level 3.6 Armour
 + Level 3.6 Shields


You couldn't memorise any spells.
You didn't know any spells.
Your spell library was empty.

Dungeon Overview and Level Annotations

Branches:
Dungeon (1/1)

Altars:


Innate Abilities, Weirdness & Mutations

You have a pair of horns on your head.
You reflexively headbutt those who attack you in melee.


Message History

You open the door.
There is an open door to the Entrance Hall (Safe) here.
You open the huge gate.
A kobold brigand, 2 kobold demonologists, 3 kobolds and a hound come into view.
The kobold brigand is wielding a +0 dagger of speed and quivering poisoned darts.
The kobold demonologist shouts!
The kobold shouts!
The kobold brigand shouts!
The kobold demonologist shouts!
The kobold shouts! x2; The hound barks!
You hear a shout!
The kobold demonologist gestures wildly while chanting.
The kobold demonologist begins to cast a cantrip, but forgets the words!
A kobold comes into view. It is wielding a +0 short sword.
A kobold brigand comes into view.
It is wielding a +0 whip and quivering poisoned darts.
Sorry, you're not good enough to have a special ability.
Sorry, you're not good enough to have a special ability.
A red film seems to cover your vision as you go berserk!
You feel yourself moving faster!
You feel mighty!
The kobold demonologist mumbles some strange words.
You closely miss the kobold brigand. You slash the kobold brigand!
The kobold brigand is heavily wounded.
The kobold brigand barely misses you.
The hound pauses to sniff the ground.
You block the kobold's attack. The white imp barely misses you.
There is a huge open gate to the Metal Vault (Medium), spattered with blood here.
You feel a strong urge to attack something.
The sixfirhy hits you but does no damage.
The quasit barely misses you.
The quasit claws you but does no damage.
You block the quasit's attack. The kobold barely misses you.
The white imp barely misses you.
There is a huge open gate to the Metal Vault (Medium) here.
You barely miss the quasit. You hit the white imp. You closely miss the kobold.
You barely miss the sixfirhy. You slash the kobold brigand!
You kill the kobold brigand!
The sixfirhy hits you but does no damage.
The sixfirhy hits you. The sixfirhy shocks you! The sixfirhy hits you.
The sixfirhy shocks you!
* * * LOW HITPOINT WARNING * * *
You block the quasit's attack. The quasit claws you.
You die...

##########++######
#................#
#......#..#......#
#................+
+................+
#......#..#......#
#................#
####'#####)5######
#.......##@K#
#.......##53KK..+
#.......##KhK...+
#...<...##KK.5.##
#.......##...###
#.......##..##
#.......##++#
#########


You could see 2 kobold demonologists, a sixfirhy (summoned), a kobold brigand, a
hound, a quasit (summoned), 2 white imps and 4 kobolds.

Vanquished Creatures
  A kobold brigand (D)
1 creature vanquished.

Notes
Turn   | Place    | Note
-------+----------+-------------------------------------------
     0 | D        | Parcival the Minotaur Fighter began the quest for the Orb.
     0 | D        | Reached XP level 1. HP: 19/19 MP: 0/0
    11 | D        | Noticed a kobold demonologist
    11 | D        | Noticed a kobold brigand
    11 | D        | Noticed a kobold demonologist
    11 | D        | Noticed a hound
    11 | D        | Noticed a kobold brigand
    12 | D        | Noticed a quasit
    13 | D        | Noticed a sixfirhy
    17 | D        | Killed a kobold brigand
    17 | D        | HP: 1/28 [sixfirhy[a kobold demonologist] (9)]
    17 | D        | Slain by a quasit

Illustrated notes

Levels and vault maps discovered:
D:        pitsprint [storerooms_1, entrance_room_1, metal_vault_4, armoury_1,
          mini_pit_1, grid_room_1, main_hall_1, silver_pit, the_coven_2,
          the_vestibule_1, steel_vault_5, golden_pit, hallway_of_sentries,
          crystal_vault_2, iron_vault_1, final_vault]

Action                     || total
---------------------------++-------
  Melee: War axe           ||     3
    Use: Potion            ||     1
 Armour: Scale mail        ||     3
  Dodge: Dodged            ||     5
  Block: Buckler           ||     3

Table legend: (Time is in decaauts)
 A = Elapsed time spent in this place.
 B = Non-inter-level travel time spent in this place.
 C = Inter-level travel time spent in this place.
 D = Time resting spent in this place.
 E = Time spent auto-exploring this place.
 F = Levels seen in this place.
 G = Mean time per level.
                   A        B        C        D        E       F      G
               +--------+--------+--------+--------+--------+-----+--------+
         Total |     16 |     16 |      0 |      0 |     11 |   1 |   16.0 |
       Dungeon |     16 |     16 |      0 |      0 |     11 |   1 |   16.0 |
               +--------+--------+--------+--------+--------+-----+--------+

Top non-repeatable levels by time:
       D: 16 daAuts
